 Dungeon Crawl Stone Soup version 0.29-a0-492-g10b964d8d7 (webtiles) character file.

Game seed: 6016909433106764073

282477 Ijustatesigmund the Black Belt (level 20, -23/156 HPs)
             Began as a Gnoll Conjurer on May 23, 2022.
             Was the Champion of Cheibriados.
             Annihilated by a reaper
             ... wielding a +1 scythe of venom
             ... called by a doom hound
              (28 damage)
             ... on level 7 of a ziggurat on May 27, 2022.
             The game lasted 02:46:35 (47877 turns).

Ijustatesigmund the Black Belt (Gnoll Conjurer)    Turns: 47877, Time: 02:46:36

Health: -23/156    AC: 32    Str: 22    XL:     20   Next: 53%
Magic:  0/43       EV: 29    Int: 41    God:    Cheibriados [******]
Gold:   4392       SH: 25    Dex: 28    Spells: 15/47 levels left

rFire   . . .      SeeInvis .   G - +9 demon trident (protect)
rCold   + . .      Faith    .   l - +5 kite shield {AC+3}
rNeg    . . .      Spirit   +   t - +4 moon troll leather armour {Spirit, Regen++ MP+5}
rPois   +          Reflect  +   a - +0 helmet of the Harp {rPois Dex+2}
rElec   .          Harm     .   u - +2 cloak {rC+}
rCorr   .          Rampage  .   L - +2 pair of gloves
Will    ++...                   c - +2 pair of boots
Stlth   ++++++....              p - amulet of reflection
HPRegen 1.96/turn               K - ring of willpower
MPRegen 0.28/turn               T - +4 ring of evasion

@: mighty, lethally poisoned (-23 -> -31), doom-hounded, under a protective
aura, slowed, studying 2 skills, silenced, very slow
A: fangs 1, strong nose, distributed training
}: 2/15 runes: decaying, gossamer
a: Renounce Religion


You were on level 7 of a ziggurat.
You worshipped Cheibriados.
Cheibriados was exalted by your worship.
You visited 7 branches of the dungeon, and saw 34 of its levels.
You visited 1 ziggurat, and saw 7 of its levels.
You also visited: Bailey and Ice Cave.

You collected 5409 gold pieces.
You spent 1017 gold pieces at shops.

Inventory:

Hand Weapons
 G - a +9 demon trident of protection (weapon)
Armour
 a - the +0 helmet of the Harp (worn) {rPois Dex+2}
   (You bought it in a shop on level 3 of the Dungeon)

   Dex:       It affects your dexterity (+2).
   rPois:     It protects you from poison.
 c - a +2 pair of boots (worn)
 l - a +5 kite shield of protection (worn)
 t - the +4 moon troll leather armour (worn) {Spirit, Regen++ MP+5}
   (You took it off a gnoll on level 5 of the Dungeon)

   MP:        It affects your magic capacity (+5).
   Regen:     It increases your rate of health regeneration.
 u - a +2 cloak of cold resistance (worn)
 x - the +15 Maxwell's patent armour {-Cast -Tele rElec Will+ rCorr}
   (You found it in a bailey)

   rElec:     It insulates you from electricity.
   -Cast:     It prevents spellcasting.
   -Tele:     It prevents most forms of teleportation.
   rCorr:     It protects you from acid and corrosion.
   Will:      It increases your willpower.
 L - a +2 pair of gloves (worn)
Magical Staves
 X - a staff of conjuration
Jewellery
 d - a ring of protection from fire
 p - an amulet of reflection (around neck)
 z - a +4 ring of protection
 I - a ring of willpower
 K - a ring of willpower (left hand)
 Q - an amulet of regeneration
 S - an amulet of magic regeneration
 T - a +4 ring of evasion (right hand)
Wands
 s - a wand of acid (16)
 w - a wand of iceblast (22)
 C - a wand of digging (19)
 M - a wand of mindburst (5)
 R - a wand of charming (3)
 U - a wand of paralysis (14)
 W - a wand of polymorph (10)
 Y - a wand of flame (44)
Scrolls
 e - 12 scrolls of teleportation
 g - 7 scrolls of fog
 o - 6 scrolls of amnesia
 q - 4 scrolls of poison
 v - 2 scrolls of silence
 A - 4 scrolls of blinking
 D - a scroll of enchant armour
 E - 4 scrolls of magic mapping
 J - a scroll of summoning
 O - 3 scrolls of immolation
 P - a scroll of fear
Potions
 b - 2 potions of magic
 f - 5 potions of curing
 h - 4 potions of might
 i - 2 potions of heal wounds
 j - 4 potions of ambrosia
 k - 5 potions of attraction
 m - 4 potions of berserk rage
 n - 5 potions of haste
 y - a potion of invisibility
 B - 2 potions of mutation
 H - 7 potions of brilliance
 N - 3 potions of flight
 V - a potion of resistance
 Z - a potion of cancellation
Miscellaneous
 r - a phantom mirror
 F - a phantom mirror


   Skills:
 + Level 13.3 Fighting
 + Level 13.3 Short Blades
 + Level 13.3 Long Blades
 + Level 13.3 Axes
 + Level 13.3 Maces & Flails
 + Level 15.5 Polearms
 + Level 13.3 Staves
 + Level 13.3 Slings
 + Level 13.3 Bows
 + Level 13.3 Crossbows
 + Level 13.3 Throwing
 + Level 13.3 Armour
 + Level 14.1 Dodging
 + Level 13.9 Stealth
 + Level 13.3 Shields
 + Level 15.7 Unarmed Combat
 + Level 14.2 Spellcasting
 + Level 13.2 Conjurations
 + Level 11.3 Hexes
 + Level 11.3 Summonings
 + Level 11.3 Necromancy
 + Level 11.3 Translocations
 + Level 11.3 Transmutations
 + Level 11.3 Fire Magic
 + Level 11.3 Ice Magic
 + Level 11.3 Air Magic
 + Level 11.3 Earth Magic
 + Level 11.3 Poison Magic
 + Level 14.5 Invocations
 + Level 13.3 Evocations


You had 15 spell levels left.
You knew the following spells:

 Your Spells              Type           Power      Damage    Failure   Level
a - Magic Dart            Conj           100%       1d8       0%          1
b - Searing Ray           Conj           100%       2d8       0%          2
c - Iskenderun's Mystic   Conj/Tloc      92%        2d18      1%          4
d - Irradiate             Conj/Tmut      46%        3d28      1%          5
e - Summon Forest         Summ/Tloc      44%        N/A       1%          5
f - Dispel Undead         Necr           89%        3d28      1%          4
g - Borgnjor's Vile Clut  Necr/Erth      44%        N/A       1%          5
h - Iron Shot             Conj/Erth      46%        9d9       2%          6

Your spell library contained the following spells:

 Spells                   Type           Power      Damage    Failure   Level
 Shock                    Conj/Air       100%       1d9       0%          1
 Freeze                   Ice            100%       1d11      1%          1
 Necrotize                Necr           100%       1d9       1%          1
 Slow                     Hex            100%       N/A       1%          1
 Ensorcelled Hibernation  Hex/Ice        100%       N/A       1%          2
 Passwall                 Tmut/Erth      74%        N/A       1%          2
 Scorch                   Fire           100%       2d10      1%          2
 Sublimation of Blood     Necr           89%        N/A       1%          2
 Confusing Touch          Hex            89%        N/A       1%          3
 Dazzling Flash           Conj/Hex       100%       N/A       1%          3
 Frozen Ramparts          Ice            100%       1d12      1%          3
 Gell's Gravitas          Tloc           89%        N/A       1%          3
 Lesser Beckoning         Tloc           89%        N/A       1%          3
 Mephitic Cloud           Conj/Pois/Air  91%        N/A       1%          3
 Ozocubu's Armour         Ice            89%        N/A       1%          3
 Stone Arrow              Conj/Erth      100%       3d13      1%          3
 Swiftness                Air            89%        N/A       1%          3
 Teleport Other           Tloc           89%        N/A       1%          3
 Vampiric Draining        Necr           89%        2d12      1%          3
 Animate Armour           Summ/Erth      100%       N/A       1%          4
 Cause Fear               Hex            44%        N/A       1%          4
 Corpse Rot               Necr/Pois/Air  89%        N/A       1%          4
 Flame Wave               Conj/Fire      92%        2d16      1%          4
 Fulminant Prism          Conj/Hex       46%        3d21      1%          4
 Ice Form                 Ice/Tmut       89%        N/A       1%          4
 Olgreb's Toxic Radiance  Pois           89%        N/A       1%          4
 Summon Ice Beast         Ice/Summ       89%        N/A       1%          4
 Summon Lightning Spire   Summ/Air       89%        N/A       1%          4
 Blade Hands              Tmut           44%        N/A       1%          5
 Iskenderun's Battlesphe  Conj           95%        2d14      1%          5
 Lee's Rapid Deconstruct  Erth           44%        3d22*     1%          5
 Summon Mana Viper        Hex/Summ       89%        N/A       1%          5
 Death Channel            Necr           44%        N/A       3%          6
 Eringya's Noxious Bog    Tmut/Pois      44%        N/A       3%          6
 Simulacrum               Ice/Necr       44%        N/A       3%          6
 Summon Cactus Giant      Summ           44%        N/A       3%          6
 Spellforged Servitor     Conj/Summ      46%        N/A       12%         7
 Dragon Form              Tmut           44%        N/A       19%         7
 Haunt                    Necr/Summ      44%        N/A       19%         7
 Monstrous Menagerie      Summ           44%        N/A       19%         7
 Ozocubu's Refrigeration  Ice            44%        4d13      19%         7
 Lehudib's Crystal Spear  Conj/Erth      46%        10d11     67%         8
 Necromutation            Tmut/Necr      44%        N/A       82%         8
 Chain Lightning          Conj/Air       46%        3d61      100%        9


Dungeon Overview and Level Annotations

Branches:
Dungeon (15/15)            Temple (1/1) D:4            Lair (6/6) D:11
  Swamp (4/4) Lair:3       Spider (4/4) Lair:3        Slime (0/5) Lair:5
    Orc (2/2) D:11            Elf (0/3) Orc:2        Vaults (0/5) D:13
 Depths (2/4) D:15         Bailey (visited)           IceCv (visited)

Altars:
Ashenzari
Cheibriados
Dithmenos
Elyvilon
Fedhas
Gozag
Hepliaklqana
Kikubaaqudgha
Makhleb
Nemelex Xobeh
Okawaru
Qazlal
Ru
Sif Muna
Trog
Uskayaw
Vehumet
Wu Jian
Xom
Yredelemnul
Zin
The Shining One
Beogh
Lugonu

Shops:
D:3 [   Orc:1 !   Orc:2 ?([:

Portals:
Hell: Depths:1
Abyss: Lair:6 Depths:1
Pandemonium: Depths:1
Trove: D:10 (give 4 potions of resistance)

Annotations:
D:9 2 transporters, exclusion: oklob plant, blade888's ghost, journeyman OpFE
Lair:1 1 runed translucent door, KhasaRR's ghost, novice DsCK
Depths:2 Sojobo


Innate Abilities, Weirdness & Mutations

You have very sharp teeth.
Your uncanny sense of smell can sniff out nearby items.
Your experience applies equally to all skills.


Message History

The Tzitzimitl completely misses you. The putrid mouth throws miasma at you.
The foul vapour engulfs you!
You are more poisoned.
The reaper misses you.
You impale the Tzitzimitl!!
The Tzitzimitl is heavily wounded.
You are engulfed in dark miasma.
* * * LOW HITPOINT WARNING * * *
You feel extremely sick. You block the putrid mouth's attack.
The putrid mouth completely misses you.
You block the tainted leviathan's attack.
The tainted leviathan misses you. The silent spectre misses you.
The silent spectre stares at you with its ghostly eyes.
The silent spectre closely misses you. The silent spectre hits you.
* * * LOW HITPOINT WARNING * * *
The Tzitzimitl calls on the powers of darkness!
Your body is wracked with pain!
* * * LOW HITPOINT WARNING * * *
You block the putrid mouth's attack. x2
The reaper hits you with a +1 scythe of venom!!
* * * LOW HITPOINT WARNING * * *
You feel much better.
You are engulfed in dark miasma.
You feel as though you will be slow longer.
* * * LOW HITPOINT WARNING * * *
x2 You feel extremely sick.
You block the putrid mouth's attack. x2
The tainted leviathan completely misses you.
The tainted leviathan misses you. You block the silent spectre's attack.
The silent spectre completely misses you.
You block the silent spectre's attack. The Tzitzimitl gestures at you.
The bolt of negative energy misses you.
The bolt of negative energy hits the tainted leviathan.
The tainted leviathan completely resists.
The putrid mouth bites you but does no damage.
The putrid mouth claws you.
* * * LOW HITPOINT WARNING * * *
The reaper hits you with a +1 scythe of venom!!
You die...

.....
▓▓▓▓.........▓▓▓▓
▓...#.......#...▓
▓...............▓
▓.............?:▓
▓............[)∩▓
▓∩.......○§°.:[>▓
▓.......WWC°..?∩▓
▓.......W@W○..?}▓
▓.......12W.....▓
▓...#.......#...▓
▓▓▓▓.........▓▓▓▓
▓.........▓
▓▓▓▓▓▓▓▓▓▓▓


You could see a tainted leviathan (unsilenced), a Tzitzimitl (unsilenced), a
reaper, 2 putrid mouths and 3 silent spectres.

Vanquished Creatures
  Bai Suzhen (Spider:4)
  Arachne (Spider:2)
  A doom hound (Zig:7)
  A tentacled monstrosity (Swamp:3)
  Jorgrun (Swamp:1)
  Frances (Swamp:1)
  2 tengu reavers
  A thorn hunter (Swamp:4)
  8 emperor scorpions
  A frost giant (Depths:1)
  A fenstrider witch (Swamp:4)
  2 fire giants
  Aizul (Depths:1)
  6 ghost moths
  A draconian knight (Zig:2)
  An orc warlord (Orc:1)
  2 very ugly things (Depths:1)
  2 broodmothers
  2 stone giants (Depths:1)
  2 putrid mouths (Zig:7)
  3 entropy weavers
  2 dire elephants (Spider:3)
  3 bunyips
  Nessos (Orc:2)
  6 eleionomae
  A spark wasp (Lair:3)
  A yellow draconian (Zig:2)
  Snorg (D:12)
  A shambling mangrove (Swamp:4)
  3 ettins
  3 fire dragons
  20 hydras
  7 boulder beetles
  A ghost crab (Swamp:4)
  An ice dragon (D:15)
  4 centaur warriors
  2 jorogumos
  4 radroaches
  A spriggan air mage (Depths:1)
  A naga warrior (Zig:6)
  A satyr (D:12)
  4 two-headed ogres
  A deep troll shaman (Depths:1)
  5 alligators
  5 orc high priests
  The ghost of 101zpm the Thaumaturge, a journeyman DjFE of Hepliaklqana (Orc:1)
  2 tengu warriors
  Urug (Lair:2)
  A naga sharpshooter (Zig:6)
  3 thrashing horrors
  A deep elf knight (Spider:3)
  A soul eater (Depths:1)
  A wretched star (Zig:4)
  A sixfirhy (Depths:1)
  Lodul (D:11)
  5 pharaoh ants
  2 flayed ghosts
  A death drake (Swamp:3)
  8 swamp dragons
  5 goliath frogs
  2 spriggan druids
  2 steelbarb worms (Spider:4)
  7 orb spiders
  A shadow demon (Zig:7)
  4 bog bodies
  A lindwurm (Lair:2)
  A deep elf archer (Spider:3)
  A necromancer (IceCv)
  9 orc knights
  5 deep elf pyromancers
  2 mana vipers (Zig:6)
  21 wolf spiders
  9 cyclopes
  A manticore (D:14)
  6 orc sorcerers
  18 ugly things
  A will-o-the-wisp (Swamp:3)
  3 moths of wrath
  4 guardian serpents (Zig:6)
  9 elephants
  8 black mambas
  6 torpor snails
  An ice statue (IceCv)
  A gargoyle (D:14)
  An orange demon (D:8)
  2 smoke demons
  3 kobold demonologists
  A rime drake (Lair:5)
  An unseen horror (shapeshifter) (D:14)
  15 cane toads
  12 demonic crawlers
  2 tormentors
  6 komodo dragons
  A komodo dragon (shapeshifter) (D:11)
  3 yaktaurs
  A tengu conjurer (D:14)
  2 anaconda simulacra (IceCv)
  An efreet (D:15)
  A freezing wraith (IceCv)
  13 ice devils
  An ancient zyme (Lair:6)
  An entropy weaver simulacrum (IceCv)
  A hellwing (Depths:1)
  6 meliai
  9 trolls
  A bloated husk (Swamp:3)
  A meliai (shapeshifter) (Lair:6)
  3 hornets
  3 polar bears
  6 tyrant leeches
  19 tarantellas
  36 blink frogs
  6 large abominations
  9 slime creatures
  10 dream sheep
  28 jumping spiders
  A wraith (D:13)
  21 culicivoras
  4 dire elephant simulacra (IceCv)
  4 spriggans
  A wyvern (shapeshifter) (D:12)
  5 ynoxinuls (Lair:6)
  A shadow (D:13)
  7 wyverns
  11 small abominations (Lair:6)
  54 redbacks
  70 yaks
  A yak (shapeshifter) (D:12)
  7 basilisks
  21 vampire mosquitoes
  A neqoxec (Depths:1)
  3 steam dragons
  3 death yak simulacra (IceCv)
  A redback (shapeshifter) (Lair:6)
  12 swamp worms
  5 wargs
  A harpy simulacrum (IceCv)
  10 water moccasins
  Menkaure (D:7)
  2 hell hounds (Lair:4)
  64 orc warriors
  A sky beast (D:8)
  6 black bears
  An ice beast (D:6)
  8 swamp drakes
  30 ogres
  6 wolves (Lair:3)
  11 centaurs
  A phantom (D:5)
  16 bullfrogs
  7 kobold brigands
  4 necrophages
  3 gnoll sergeants
  4 scorpions
  5 cane toad simulacra (IceCv)
  5 wights (D:9)
  4 elephant simulacra (IceCv)
  5 killer bees (D:9)
  8 howler monkeys
  An electric eel (Lair:3)
  A hound (D:5)
  A gnoll shaman (D:7)
  34 orc priests
  A jelly (Lair:4)
  2 iguanas
  17 orc wizards
  4 polar bear simulacra (IceCv)
  6 hell rats (Lair:4)
  3 spriggan simulacra (IceCv)
  4 wolf simulacra (IceCv)
  29 gnolls
  5 adders
  5 white imps
  An ufetubus (IceCv)
  4 worms
  2 dart slugs (D:1)
  145 orcs
  2 bats (D:1)
  10 endoplasms
  A giant cockroach (D:2)
  7 goblins
  10 hobgoblins
  4 quokkas
  7 ball pythons
  3 frilled lizards
  36 kobolds
  8 rats
1271 creatures vanquished.

Vanquished Creatures (collateral kills)
  An orc warlord (Orc:2)
  A spark wasp (Spider:1)
  A shambling mangrove (Swamp:4)
  A rakshasa (D:15)
  2 hydras (Swamp:4)
  2 dancing weapons (D:13)
  An alligator (Swamp:4)
  A pharaoh ant (Spider:1)
  A steelbarb worm (Spider:4)
  2 bog bodies
  3 swamp dragons (Swamp:4)
  A wolf spider (Spider:4)
  A cyclops (Orc:1)
  A kobold demonologist (D:13)
  A yaktaur (D:15)
  A troll (Orc:2)
  A hornet (Swamp:4)
  3 tarantellas (Spider:1)
  A culicivora (Spider:1)
  3 jumping spiders
  A dire elephant simulacrum (IceCv)
  4 redbacks (Spider:1)
  2 vampire mosquitoes (Swamp:3)
  3 swamp worms (Swamp:4)
  3 swamp drakes (Swamp:4)
  6 orc warriors
  2 ogres
  4 kobold brigands (D:13)
  5 orc priests (Orc:2)
  An orc wizard (Orc:2)
  6 orcs (Orc:2)
  2 kobolds (D:13)
68 creatures vanquished.

Vanquished Creatures (others)
  A sphinx (D:12)
  An emperor scorpion (Spider:4)
  A spriggan druid (Swamp:3)
  A black mamba (Zig:6)
  A hornet (Swamp:4)
  2 swamp worms (Swamp:3)
  A hell hound (Spider:3)
  A kobold brigand (D:11)
  A howler monkey simulacrum (D:9)
  An orc (Orc:2)
  A kobold (D:6)
  7 bushes
  2 foxfires (Swamp:3)
  42 fungi
  105 plants
  11 snaplasher vines
179 creatures vanquished.

Grand Total: 1518 creatures vanquished

Notes
Turn   | Place    | Note
-------+----------+-------------------------------------------
     0 | D:1      | Ijustatesigmund the Gnoll Conjurer began the quest for the
                  | Orb.
     0 | D:1      | Reached XP level 1. HP: 13/13 MP: 6/6
   251 | D:1      | Reached XP level 2. HP: 19/19 MP: 3/7
   254 | D:1      | Learned a level 2 spell: Searing Ray
   584 | D:1      | Reached skill level 5 in Spellcasting
   584 | D:1      | Reached XP level 3. HP: 25/25 MP: 1/9
   904 | D:1      | Found a faded altar of an unknown god.
  1021 | D:1      | Reached skill level 1 in Invocations
  1576 | D:2      | Reached skill level 1 in Fighting
  1576 | D:2      | Reached skill level 1 in Short Blades
  1576 | D:2      | Reached skill level 1 in Long Blades
  1576 | D:2      | Reached skill level 1 in Axes
  1576 | D:2      | Reached skill level 1 in Maces & Flails
  1576 | D:2      | Reached skill level 1 in Polearms
  1576 | D:2      | Reached skill level 1 in Staves
  1576 | D:2      | Reached skill level 1 in Slings
  1576 | D:2      | Reached skill level 1 in Bows
  1576 | D:2      | Reached skill level 1 in Crossbows
  1576 | D:2      | Reached skill level 1 in Throwing
  1576 | D:2      | Reached skill level 1 in Armour
  1576 | D:2      | Reached skill level 1 in Shields
  1576 | D:2      | Reached skill level 1 in Unarmed Combat
  1576 | D:2      | Reached skill level 1 in Evocations
  1576 | D:2      | Reached XP level 4. HP: 32/32 MP: 6/11
  2374 | D:3      | Found Lehuluva's Armour Boutique.
  2874 | D:3      | Reached skill level 1 in Hexes
  2874 | D:3      | Reached skill level 1 in Summonings
  2874 | D:3      | Reached skill level 1 in Necromancy
  2874 | D:3      | Reached skill level 1 in Translocations
  2874 | D:3      | Reached skill level 1 in Transmutations
  2874 | D:3      | Reached skill level 1 in Fire Magic
  2874 | D:3      | Reached skill level 1 in Ice Magic
  2874 | D:3      | Reached skill level 1 in Air Magic
  2874 | D:3      | Reached skill level 1 in Earth Magic
  2874 | D:3      | Reached skill level 1 in Poison Magic
  3026 | D:3      | Found an ornate altar of the Wu Jian Council.
  3403 | D:4      | Noticed an ogre
  3415 | D:4      | Killed an ogre
  3416 | D:4      | Reached XP level 5. HP: 37/37 MP: 5/12
  3525 | D:4      | Found a staircase to the Ecumenical Temple.
  3709 | D:4      | Reached XP level 6. HP: 44/44 MP: 9/14
  3796 | D:4      | Reached skill level 5 in Dodging
  4563 | D:5      | Entered Level 5 of the Dungeon
  4634 | D:4      | Reached XP level 7. HP: 46/50 MP: 10/15
  5457 | D:5      | Found a stormy altar of Qazlal.
  5465 | D:5      | Upgraded the game from 0.29-a0-473-gacb4ef3bc5 to
                  | 0.29-a0-474-gdfe5cd140f
  5467 | D:5      | Reached skill level 5 in Stealth
  5699 | D:5      | Reached XP level 8. HP: 57/57 MP: 15/16
  7466 | D:7      | Noticed Menkaure
  7472 | D:7      | Killed Menkaure
  7473 | D:7      | Reached XP level 9. HP: 65/65 MP: 18/18
  7555 | D:7      | Found a flagged portal.
  7567 | Bailey   | Entered a bailey
  8002 | Bailey   | Noticed an orc knight
  8282 | Bailey   | Noticed an orc knight
  8377 | Bailey   | Killed an orc knight
  8378 | Bailey   | Reached skill level 5 in Invocations
  8495 | Bailey   | Found the +15 Maxwell's patent armour {-Cast -Tele rElec
                  | Will+ rCorr}
  8529 | Bailey   | Reached XP level 10. HP: 72/73 MP: 2/20
  8796 | D:7      | Learned a level 4 spell: Iskenderun's Mystic Blast
  9559 | D:7      | Reached skill level 5 in Fighting
  9559 | D:7      | Reached skill level 5 in Short Blades
  9559 | D:7      | Reached skill level 5 in Long Blades
  9559 | D:7      | Reached skill level 5 in Axes
  9559 | D:7      | Reached skill level 5 in Maces & Flails
  9559 | D:7      | Reached skill level 5 in Polearms
  9559 | D:7      | Reached skill level 5 in Staves
  9559 | D:7      | Reached skill level 5 in Slings
  9559 | D:7      | Reached skill level 5 in Bows
  9559 | D:7      | Reached skill level 5 in Crossbows
  9559 | D:7      | Reached skill level 5 in Throwing
  9559 | D:7      | Reached skill level 5 in Armour
  9559 | D:7      | Reached skill level 5 in Shields
  9559 | D:7      | Reached skill level 5 in Unarmed Combat
  9559 | D:7      | Reached skill level 5 in Evocations
 10264 | D:8      | Noticed a two-headed ogre
 10284 | D:8      | Killed a two-headed ogre
 10402 | D:8      | Noticed an orange demon
 10411 | D:8      | Killed an orange demon
 11755 | D:9      | Reached XP level 11. HP: 81/81 MP: 5/22
 12093 | D:10     | Entered Level 10 of the Dungeon
 12290 | D:10     | Reached skill level 5 in Hexes
 12290 | D:10     | Reached skill level 5 in Summonings
 12290 | D:10     | Reached skill level 5 in Necromancy
 12290 | D:10     | Reached skill level 5 in Translocations
 12290 | D:10     | Reached skill level 5 in Transmutations
 12290 | D:10     | Reached skill level 5 in Fire Magic
 12290 | D:10     | Reached skill level 5 in Ice Magic
 12290 | D:10     | Reached skill level 5 in Air Magic
 12290 | D:10     | Reached skill level 5 in Earth Magic
 12290 | D:10     | Reached skill level 5 in Poison Magic
 12467 | D:10     | Found a portal to a secret trove of treasure.
 12732 | D:10     | Identified the +3 whip of Gyvij {vorpal, Dex+3}
 12843 | D:10     | Found a blossoming altar of Fedhas.
 13242 | D:10     | Found a shimmering altar of Xom.
 13244 | D:10     | Found a broken altar of Ashenzari.
 13244 | D:10     | Found a shadowy altar of Dithmenos.
 13246 | D:10     | Found an iron altar of Okawaru.
 13246 | D:10     | Found an iron altar of Okawaru.
 13246 | D:10     | Found a broken altar of Ashenzari.
 14337 | D:9      | Noticed an oklob plant
 14337 | D:9      | Noticed a two-headed ogre
 14337 | D:9      | Noticed blade888's ghost (journeyman OpFE)
 14339 | D:9      | Noticed a two-headed ogre
 14348 | D:9      | Found a transporter.
 14532 | D:9      | Found a transporter.
 14826 | Temple   | Entered the Ecumenical Temple
 15042 | Temple   | Became a worshipper of Cheibriados the Contemplative
 15252 | D:11     | Noticed a cyclops
 15260 | D:10     | Killed a cyclops
 15502 | D:11     | Noticed Lodul
 15814 | D:10     | Reached * piety under Cheibriados
 16015 | D:11     | Noticed a boulder beetle
 16053 | D:11     | Killed a boulder beetle
 16261 | D:11     | Found a staircase to the Orcish Mines.
 16330 | D:11     | Reached XP level 12. HP: 81/89 MP: 4/24
 16694 | D:11     | Reached ** piety under Cheibriados
 16703 | D:11     | Noticed a two-headed ogre
 16828 | D:11     | Found a staircase to the Lair.
 16882 | D:11     | Noticed a two-headed ogre
 16900 | D:11     | Killed a two-headed ogre
 17265 | D:11     | Killed Lodul
 17502 | D:12     | Found Osinem's Antique Armour Boutique.
 17649 | D:12     | Noticed a boulder beetle
 17672 | D:12     | Noticed a satyr
 17672 | D:12     | a boulder beetle changed into a satyr
 17693 | D:12     | Killed a satyr
 17839 | D:12     | Noticed Snorg
 17849 | D:12     | Killed Snorg
 17975 | D:12     | Noticed a two-headed ogre
 17988 | D:12     | Killed a two-headed ogre
 18604 | D:12     | Noticed a boulder beetle
 18605 | D:12     | Noticed a bunyip
 18605 | D:12     | a boulder beetle changed into a bunyip
 18625 | D:12     | Killed a bunyip
 18734 | D:12     | Noticed a fire giant
 19085 | D:3      | Bought the +0 helmet of the Harp {rPois Dex+2} for 218 gold
                  | pieces
 19096 | D:3      | Learned a level 5 spell: Irradiate
 19319 | Lair:1   | Entered Level 1 of the Lair of Beasts
 19362 | Lair:1   | Reached *** piety under Cheibriados
 19942 | Lair:1   | Noticed a six-headed hydra
 20090 | Lair:1   | Reached XP level 13. HP: 92/98 MP: 26/26
 20574 | Lair:1   | Identified 2 scrolls of acquirement
 20574 | Lair:1   | Acquired a book of Decay
 20653 | Lair:1   | Found a runed translucent door.
 20653 | Lair:1   | Noticed KhasaRR's ghost (novice DsCK)
 20921 | Lair:2   | Reached **** piety under Cheibriados
 21577 | Lair:2   | Reached skill level 10 in Conjurations
 21693 | Lair:2   | Noticed Urug
 21702 | Lair:2   | Killed Urug
 21921 | Lair:2   | Acquired 737 gold pieces
 21999 | Lair:2   | Reached ***** piety under Cheibriados
 22704 | Lair:3   | Reached skill level 10 in Spellcasting
 22892 | Lair:3   | Found a hole to the Spider Nest.
 22949 | Lair:3   | Reached skill level 10 in Dodging
 22956 | Lair:3   | Reached XP level 14. HP: 106/106 MP: 24/28
 23229 | Lair:3   | Found a staircase to the Swamp.
 23989 | Lair:4   | Reached skill level 10 in Stealth
 24203 | Lair:4   | Reached ****** piety under Cheibriados
 24761 | Lair:5   | Found a staircase to the Slime Pits.
 24823 | Lair:4   | Reached skill level 10 in Invocations
 25798 | Lair:5   | You fall into a shaft and drop 1 floor!
 25798 | Lair:6   | Entered Level 6 of the Lair of Beasts
 26929 | Lair:6   | Reached XP level 15. HP: 97/115 MP: 29/29
 27562 | Lair:6   | Found a corrupted altar of Lugonu.
 27562 | Lair:6   | Found a one-way gate to the infinite horrors of the Abyss.
 27577 | Lair:6   | Got the Papyrus of Companions and Dark Rituals
 27919 | Orc:1    | Entered Level 1 of the Orcish Mines
 27920 | Orc:1    | Acquired 1102 gold pieces
 27943 | Orc:1    | Noticed an orc warlord
 27970 | Orc:1    | Killed an orc warlord
 28148 | Orc:1    | Found Usoogoy's Distillery.
 28160 | Orc:1    | Bought a potion of curing for 45 gold pieces
 28160 | Orc:1    | Bought a potion of berserk rage for 75 gold pieces
 28219 | Orc:1    | Reached skill level 10 in Fighting
 28219 | Orc:1    | Reached skill level 10 in Short Blades
 28219 | Orc:1    | Reached skill level 10 in Long Blades
 28219 | Orc:1    | Reached skill level 10 in Axes
 28219 | Orc:1    | Reached skill level 10 in Maces & Flails
 28219 | Orc:1    | Reached skill level 10 in Polearms
 28219 | Orc:1    | Reached skill level 10 in Staves
 28219 | Orc:1    | Reached skill level 10 in Slings
 28219 | Orc:1    | Reached skill level 10 in Bows
 28219 | Orc:1    | Reached skill level 10 in Crossbows
 28219 | Orc:1    | Reached skill level 10 in Throwing
 28219 | Orc:1    | Reached skill level 10 in Armour
 28219 | Orc:1    | Reached skill level 10 in Shields
 28219 | Orc:1    | Reached skill level 10 in Unarmed Combat
 28219 | Orc:1    | Reached skill level 10 in Evocations
 28279 | Orc:1    | Found a runed translucent gate.
 28279 | Orc:1    | Found a runed translucent gate.
 28279 | Orc:1    | Found a runed translucent gate.
 28284 | Orc:1    | Noticed 101zpm's ghost (journeyman DjFE)
 28380 | Orc:1    | Found a frozen archway.
 28404 | IceCv    | Entered an ice cave
 28443 | IceCv    | Upgraded the game from 0.29-a0-474-gdfe5cd140f to
                  | 0.29-a0-477-g62b78b4225
 28488 | IceCv    | Learned a level 5 spell: Summon Forest
 29607 | IceCv    | Found an ancient bone altar of Kikubaaqudgha.
 29786 | IceCv    | Got the Catalogue of Evil Snow
 29792 | IceCv    | Learned a level 4 spell: Dispel Undead
 29798 | IceCv    | Learned a level 5 spell: Borgnjor's Vile Clutch
 29988 | Orc:1    | Killed 101zpm's ghost
 30295 | Orc:2    | Entered Level 2 of the Orcish Mines
 30654 | Orc:2    | Found Mautut's Antique Armour Boutique.
 30685 | Orc:2    | Found Piysyrhe's Book Shop.
 30711 | Orc:2    | Bought a book of Power for 420 gold pieces
 30718 | Orc:2    | Learned a level 6 spell: Iron Shot
 30969 | Orc:2    | Noticed Nessos
 30986 | Orc:2    | Killed Nessos
 31454 | Orc:2    | Noticed an orc warlord
 31469 | Orc:2    | Killed an orc warlord
 31572 | Orc:2    | Found Gaihouh's Antique Weapon Boutique.
 31808 | Orc:2    | Found Lowyunuv's Magic Scroll Shoppe.
 31821 | Orc:2    | Bought a scroll of magic mapping for 49 gold pieces
 31821 | Orc:2    | Bought a scroll of teleportation for 42 gold pieces
 31821 | Orc:2    | Bought a scroll of teleportation for 42 gold pieces
 31821 | Orc:2    | Bought a scroll of fog for 28 gold pieces
 31821 | Orc:2    | Bought a scroll of immolation for 49 gold pieces
 31821 | Orc:2    | Bought a scroll of magic mapping for 49 gold pieces
 31867 | Orc:2    | Reached XP level 16. HP: 123/123 MP: 31/31
 32280 | Orc:2    | Found a staircase to the Elven Halls.
 32717 | D:12     | Noticed a sphinx
 33127 | D:13     | Found a gate to the Vaults.
 34996 | D:15     | Entered Level 15 of the Dungeon
 35912 | D:15     | Found a staircase to the Depths.
 36132 | Spider:1 | Entered Level 1 of the Spider Nest
 37062 | Spider:1 | Paralysed by a jorogumo for 3 turns
 37082 | Spider:1 | Reached XP level 17. HP: 38/126 MP: 17/33
 37927 | Spider:2 | Noticed Arachne
 37950 | Spider:2 | Killed Arachne
 39791 | Spider:3 | Reached skill level 10 in Hexes
 39791 | Spider:3 | Reached skill level 10 in Summonings
 39791 | Spider:3 | Reached skill level 10 in Necromancy
 39791 | Spider:3 | Reached skill level 10 in Translocations
 39791 | Spider:3 | Reached skill level 10 in Transmutations
 39791 | Spider:3 | Reached skill level 10 in Fire Magic
 39791 | Spider:3 | Reached skill level 10 in Ice Magic
 39791 | Spider:3 | Reached skill level 10 in Air Magic
 39791 | Spider:3 | Reached skill level 10 in Earth Magic
 39791 | Spider:3 | Reached skill level 10 in Poison Magic
 40482 | Spider:4 | Entered Level 4 of the Spider Nest
 41264 | Spider:4 | Noticed Bai Suzhen
 41274 | Spider:4 | Reached XP level 18. HP: 138/140 MP: 23/35
 41288 | Spider:4 | Killed Bai Suzhen
 41977 | Spider:4 | Reached XP level 19. HP: 147/147 MP: 36/36
 42003 | Spider:4 | Found the +3 pair of seven-league boots {Rampage+∞}
 42064 | Spider:4 | Got a gossamer rune of Zot
 42347 | Depths:1 | Entered Level 1 of the Depths
 42402 | Depths:1 | Found a one-way gate leading to the halls of Pandemonium.
 42592 | Swamp:1  | Entered Level 1 of the Swamp
 42783 | Swamp:1  | Noticed Jorgrun
 42800 | Swamp:1  | Killed Jorgrun
 42901 | Swamp:1  | Noticed Frances
 42934 | Swamp:1  | Killed Frances
 44041 | Swamp:3  | Noticed a tentacled monstrosity
 44059 | Swamp:3  | Killed a tentacled monstrosity
 44571 | Swamp:4  | Entered Level 4 of the Swamp
 45375 | Swamp:4  | Reached skill level 15 in Unarmed Combat
 45435 | Swamp:4  | Reached XP level 20. HP: 93/156 MP: 2/37
 45621 | Swamp:4  | Got a decaying rune of Zot
 45877 | D:11     | Upgraded the game from 0.29-a0-477-g62b78b4225 to
                  | 0.29-a0-492-g10b964d8d7
 46111 | Depths:1 | Found a gateway to Hell.
 46120 | Depths:1 | Reached skill level 15 in Polearms
 46364 | Depths:1 | Found a corrupted altar of Lugonu.
 46832 | Depths:1 | Noticed Aizul
 46843 | Depths:1 | Killed Aizul
 47175 | Depths:2 | Found a one-way gateway to a ziggurat.
 47266 | Depths:2 | Noticed Sojobo
 47279 | Depths:2 | Paralysed by an air elemental for 1 turns
 47284 | Zig:1    | Entered Level 1 of a ziggurat
 47447 | Zig:2    | Entered Level 2 of a ziggurat
 47513 | Zig:3    | Entered Level 3 of a ziggurat
 47583 | Zig:4    | Entered Level 4 of a ziggurat
 47620 | Zig:4    | Acquired a staff of conjuration
 47645 | Zig:5    | Entered Level 5 of a ziggurat
 47763 | Zig:5    | Got the Reference Book on Poisoning and Execration
 47771 | Zig:6    | Entered Level 6 of a ziggurat
 47776 | Zig:6    | Found the +7 captain's cutlass {speed, disarm}
 47816 | Zig:6    | Got the Volume of the Supportive Frostbite
 47820 | Zig:6    | Got Anteu's Handbook of Shape Shifting and the Birds
 47836 | Zig:7    | Entered Level 7 of a ziggurat
 47848 | Zig:7    | Noticed a doom hound
 47865 | Zig:7    | Noticed a bone dragon
 47866 | Zig:7    | Noticed a Tzitzimitl
 47868 | Zig:7    | Killed a doom hound
 47876 | Zig:7    | HP: 1/156 [reaper/+1 scythe of venom[a doom hound] (19)]
 47877 | Zig:7    | Annihilated by a reaper

Illustrated notes

Levels and vault maps discovered:
D:1:      ncdulo_halloftheorcs, layout_rooms, serial_corexii_hall,
          corexii_hall_statues_x, corexii_hall_statues_x,
          hellmonk_ecumenical_altar_crossroads
D:2:      layout_loops_cross
D:3:      layout_basic, nicolae_wu_jian_wuxing_cycle, serial_shops,
          nicolae_shop_stone, st_stairs_3
D:4:      layout_gridville, minmay_temple_entry_glass, minmay_misc_feat_doors
D:5:      layout_basic, grunt_qazlal_sundering, hangedman_decor_points
D:6:      layout_basic
D:7:      layout_basic, enter_bailey_6, uniq_menkaure
D:8:      layout_rooms, kennysheep_nub, uniq_amaemon
D:9:      layout_stronghold, nzn_ghost_randoct
D:10:     layout_basic, doesnt_xom_only_xom, lemuel_tele_altar,
          nicolae_trove_entry_isolated
D:11:     layout_loops_ring, minmay_lair_entry_grove, david_orc_2, uniq_lodul
D:12:     minmay_two_paths, layout_basic, serial_shops, kennysheep_mini,
          uniq_snorg
D:13:     layout_basic, erik_vaults_1, lightli_corner_chamber
D:14:     layout_cave_pods
D:15:     grunt_enter_depths_hoard, layout_grid_maze, serial_glass,
          glass_columns_c, glass_columns_c, minmay_hedge_maze, special_room
          [special_room_orc]
Temple:   dpeg_five_rooms_temple
Lair:1:   layout_roguey, gammafunk_ghost_grave
Lair:2:   layout_small_grid, chequers_serial_rivers_micro_d,
          nicolae_lair_lindhole, infiniplex_staircase_pool_2,
          grunt_megastairs_2, uniq_urug
Lair:3:   layout_chaotic_city, minmay_swamp_entry_swarm, spider_nest_entry_webs
Lair:4:   layout_regular_city, enter_volcano_3, serial_bayou_shore_b,
          infiniplex_staircase_pool
Lair:5:   layout_gridlike, minmay_slime_entry_pillars, serial_forest,
          infiniplex_forest_lined_corner, infiniplex_forest_clump_medium,
          infiniplex_forest_clump_cross, infiniplex_forest_clump_double,
          infiniplex_forest_corner_1, infiniplex_forest_straight_2
Lair:6:   hellmonk_lair_end_abyssal_woods, layout_layer_cave, minivault_19,
          chequers_serial_rivers_large_a
Swamp:1:  nicolae_swamp_long_stream, layout_falls_marsh,
          evilmike_swamp_ruin_house_4, uniq_jorgrun, uniq_frances
Swamp:2:  layout_falls_marsh, hangedman_swamp_pad, swamp_pool2
Swamp:3:  layout_basic_swamp, evilmike_swamp_ruin_house_2
Swamp:4:  swamp, layout_basic_swamp
Spider:1: layout_spider_delve
Spider:2: layout_chambers, uniq_arachne
Spider:3: layout_spider_delve, beargit_elvish_explorers
Spider:4: guppyfry_spider_rune, uniq_bai_suzhen
Orc:1:    layout_caves, basic_altar, gammafunk_ghost_split, serial_shops, shop,
          portal_ice_cave_demonic_guard
Orc:2:    pubby_orc_utopia, uniq_nessos
Depths:1: layout_gridlike, abyss_entry_flame_altar, rand_demon_pan_entry_3,
          hell_entry, kennysheep_small_square, uniq_aizul
Depths:2: evilmike_makhleb_hellhole, layout_cave_shapes, enter_ziggurat_c,
          pan_entry, fedhas_altar_2, grunt_hell_entry_dis_mu,
          serial_bayou_lagoon_a, infiniplex_staircase_door_maze,
          grunt_megastairs_3, uniq_vv, uniq_sojobo
Zig:7:    ziggurat_pillar_abc, ziggurat_pillar_abc, ziggurat_pillar_abc,
          ziggurat_pillar_abc

Skill      XL: |  1  2  3  4  5  6  7  8  9 10 11 12 13 14 15 16 17 18 19 20 |
---------------+-------------------------------------------------------------+-----
Spellcasting   | 5 6 7 8 9 10 11 12 13 14 | 14.2
Invocations    | 1 2 3 4 5 6 7 8 9 10 11 12 13 14 | 14.5
Fighting       | 1 2 3 4 5 6 7 8 9 10 11 12 13 | 13.3
Short Blades   | 1 2 3 4 5 6 7 8 9 10 11 12 13 | 13.3
Long Blades    | 1 2 3 4 5 6 7 8 9 10 11 12 13 | 13.3
Axes           | 1 2 3 4 5 6 7 8 9 10 11 12 13 | 13.3
Maces & Flails | 1 2 3 4 5 6 7 8 9 10 11 12 13 | 13.3
Polearms       | 1 2 3 4 5 6 7 8 9 10 11 13 14 15 | 15.5
Staves         | 1 2 3 4 5 6 7 8 9 10 11 12 13 | 13.3
Slings         | 1 2 3 4 5 6 7 8 9 10 11 12 13 | 13.3
Bows           | 1 2 3 4 5 6 7 8 9 10 11 12 13 | 13.3
Crossbows      | 1 2 3 4 5 6 7 8 9 10 11 12 13 | 13.3
Throwing       | 1 2 3 4 5 6 7 8 9 10 11 12 13 | 13.3
Armour         | 1 2 3 4 5 6 7 8 9 10 11 12 13 | 13.3
Shields        | 1 2 3 4 5 6 7 8 9 10 11 12 13 | 13.3
Unarmed Combat | 1 2 3 4 5 6 7 8 9 10 12 13 14 15 | 15.7
Evocations     | 1 2 3 4 5 6 7 8 9 10 11 12 13 | 13.3
Hexes          | 1 2 3 4 5 6 7 8 9 10 11 | 11.3
Summonings     | 1 2 3 4 5 6 7 8 9 10 11 | 11.3
Necromancy     | 1 2 3 4 5 6 7 8 9 10 11 | 11.3
Translocations | 1 2 3 4 5 6 7 8 9 10 11 | 11.3
Transmutations | 1 2 3 4 5 6 7 8 9 10 11 | 11.3
Fire Magic     | 1 2 3 4 5 6 7 8 9 10 11 | 11.3
Ice Magic      | 1 2 3 4 5 6 7 8 9 10 11 | 11.3
Air Magic      | 1 2 3 4 5 6 7 8 9 10 11 | 11.3
Earth Magic    | 1 2 3 4 5 6 7 8 9 10 11 | 11.3
Poison Magic   | 1 2 3 4 5 6 7 8 9 10 11 | 11.3
Dodging        | 5 6 7 8 9 10 11 12 13 14 | 14.1
Stealth        | 5 6 7 8 9 10 11 12 13 | 13.9
Conjurations   | 8 9 10 11 12 13 | 13.2

Action                   |  1- 3 |  4- 6 |  7- 9 | 10-12 | 13-15 | 16-18 | 19-21 || total
-------------------------+-------+-------+-------+-------+-------+-------+-------++-------
Melee: Quarterstaff      |     5 |    12 |    11 |       |       |       |       ||    28
       Bite              |       |     1 |     7 |    57 |   230 |   196 |    64 ||   555
       Whip              |       |       |    61 |   396 |   155 |       |       ||   612
       Demon trident     |       |       |       |       |  1471 |  1148 |   547 ||  3166
 Cast: Magic Dart        |    79 |    90 |   112 |   121 |    37 |    68 |    18 ||   525
       Searing Ray       |       |    12 |    44 |    74 |    23 |     3 |       ||   156
       Iskenderun's Myst |       |       |       |   122 |    33 |    12 |     3 ||   170
       Irradiate         |       |       |       |       |    36 |    29 |    13 ||    78
       Summon Forest     |       |       |       |       |     6 |     6 |     3 ||    15
       Dispel Undead     |       |       |       |       |     1 |       |       ||     1
       Borgnjor's Vile C |       |       |       |       |       |    37 |    19 ||    56
       Iron Shot         |       |       |       |       |       |    17 |    42 ||    59
Invok: Slouch            |       |       |       |       |     3 |     3 |     3 ||     9
       Temporal Distorti |       |       |       |       |       |     1 |       ||     1
Evoke: Wand              |       |       |    24 |    16 |     3 |     5 |    10 ||    58
       Phantom mirror    |       |       |       |     1 |       |       |       ||     1
  Use: Scroll            |     5 |     1 |    11 |    13 |    13 |     8 |    11 ||    62
       Potion            |       |       |       |     6 |     2 |     4 |     5 ||    17
 Stab: Sleeping          |       |     1 |       |     4 |    39 |    24 |     6 ||    74
       Distracted        |       |       |       |       |     8 |     9 |     1 ||    18
       Invisible         |       |       |       |       |     4 |       |       ||     4
Armor: Robe              |       |     6 |     2 |       |       |       |       ||     8
       Troll leather arm |       |       |    33 |   102 |   231 |   301 |   113 ||   780
       Skin              |       |       |       |    15 |       |       |       ||    15
Dodge: Dodged            |     3 |    25 |    67 |   230 |   915 |   875 |   431 ||  2546
Block: Other             |       |     5 |     9 |       |       |       |       ||    14
       Reflection        |       |     2 |     3 |    14 |     9 |    28 |    21 ||    77
       Buckler           |       |       |    53 |   250 |   786 |       |       ||  1089
       Kite shield       |       |       |       |       |   281 |  1190 |   600 ||  2071

Table legend: (Time is in decaauts)
 A = Elapsed time spent in this place.
 B = Non-inter-level travel time spent in this place.
 C = Inter-level travel time spent in this place.
 D = Time resting spent in this place.
 E = Time spent auto-exploring this place.
 F = Levels seen in this place.
 G = Mean time per level.
                   A        B        C        D        E       F      G
               +--------+--------+--------+--------+--------+-----+--------+
         Total |  62770 |  58500 |   4270 |  11008 |  36202 |  43 | 1459.8 |
       Dungeon |  25260 |  22721 |   2539 |   5617 |  13585 |  15 | 1684.0 |
        Temple |    281 |    216 |     65 |      0 |    203 |   1 |  281.0 |
          Lair |  13424 |  12378 |   1046 |   1378 |   8737 |   6 | 2237.3 |
         Swamp |   4992 |   4751 |    241 |    555 |   3476 |   4 | 1248.0 |
   Spider Nest |   8413 |   8202 |    211 |   1472 |   5148 |   4 | 2103.2 |
  Orcish Mines |   4558 |   4447 |    111 |    313 |   2911 |   2 | 2279.0 |
        Depths |   1987 |   1932 |     55 |    115 |   1567 |   2 |  993.5 |
      Ziggurat |    702 |    702 |      0 |    162 |    139 |   7 |  100.3 |
        Bailey |   1166 |   1166 |      0 |    652 |     57 |   1 | 1166.0 |
      Ice Cave |   1982 |   1982 |      0 |    741 |    378 |   1 | 1982.0 |
               +--------+--------+--------+--------+--------+-----+--------+

Top non-repeatable levels by time:
   Orc:2: 3220 daAuts
  Lair:6: 2718 daAuts
Spider:2: 2426 daAuts
    D:12: 2408 daAuts
  Lair:1: 2394 daAuts
  Lair:2: 2355 daAuts
Spider:1: 2344 daAuts
    D:10: 2291 daAuts
    D:11: 2156 daAuts
  Lair:3: 2075 daAuts
  Lair:5: 2073 daAuts
    D:13: 2018 daAuts
     D:4: 1985 daAuts
   IceCv: 1982 daAuts
Spider:4: 1841 daAuts
